Workbook

Sheet Sales Summary
A1: DR. RAFAELA CLINIC
A2: 2025 SALES SUMMARY
A4: 1. Summarize Annual Sales/Fees
A5: ISSUED INVOICE = CASH RECEIPTS BOOK = INCOME TAX RETURN
A7: 2. Summarize 2307 Creditable Withholding Tax
A9: 2. Summarize Payments made from previous quarters
B11: January | C11: February | D11: March | E11: Q1 Total | G11: April | H11: May | I11: June | J11: Q2 Total | L11: July | M11: August | N11: September | O11: Q3 Total | Q11: October | R11: November | S11: December | T11: Q4 total | V11: 2025 Total | W11: Allowable Reduction | X11: Taxable Income | Y11: Income Tax Rate | Z11: Income Tax Due
A12: Sales | B12: ='Cash Receipt - January'!O39 -> 0 | C12: ='Cash Receipt - Feb'!O31 -> 0 | D12: ='Cash Receipt - Mar'!O31 -> 0 | E12: =SUM(B12:D12) -> 0 | G12: ='Cash Receipt - April'!O31 -> 0 | H12: ='Cash Receipt - May'!O31 -> 0 | I12: ='Cash Receipt - June'!O31 -> 0 | J12: =SUM(G12:I12) -> 0 | L12: ='Cash Receipt - July'!O31 -> 0 | M12: ='Cash Receipt - Aug'!O31 -> 0 | N12: ='Cash Receipt - September'!O31 -> 0 | O12: =SUM(L12:N12) -> 0 | Q12: ='Cash Receipt - October'!O31 -> 0 | R12: ='Cash Receipt - November'!O31 -> 0 | S12: ='Cash Receipt - December'!O31 -> 0 | T12: =SUM(Q12:S12) -> 0 | V12: =T12+O12+J12+E12 -> 0 | W12: 250000 | X12: =V12-W12 -> -250000 | Y12: 0.08 | Z12: =X12*Y12 -> -20000
A14: CWT 2307 | B14: ='Cash Receipt - January'!M39 -> 0 | C14: ='Cash Receipt - Feb'!M31 -> 0 | D14: ='Cash Receipt - Mar'!M31 -> 0 | E14: =SUM(B14:D14) -> 0 | G14: ='Cash Receipt - April'!M31 -> 0 | H14: ='Cash Receipt - May'!M31 -> 0 | I14: ='Cash Receipt - June'!M31 -> 0 | J14: =SUM(G14:I14) -> 0 | L14: ='Cash Receipt - July'!M31 -> 0 | M14: ='Cash Receipt - Aug'!M31 -> 0 | N14: ='Cash Receipt - September'!M31 -> 0 | O14: =SUM(L14:N14) -> 0 | Q14: ='Cash Receipt - October'!M31 -> 0 | R14: ='Cash Receipt - November'!M31 -> 0 | S14: ='Cash Receipt - December'!M31 -> 0 | T14: =SUM(Q14:S14) -> 0 | V14: =T14+O14+J14+E14 -> 0 | Y14: Less: 2307 | Z14: =-V14 -> 0
A16: Payment | E16: 0 | J16: 0 | O16: 0 | T16: 0 | V16: =T16+O16+J16+E16 -> 0 | Y16: Less: Payment | Z16: =-V16 -> 0
Y17: Income tax payable | Z17: =SUM(Z12:Z16) -> -20000

Sheet Cash Receipt - January
C1: DR. RAFAELA CLINIC - NON-VAT
C2: CASH RECEIPTS JOURNAL
C3: * below P500, you can aggregate sales at the end of the day
C4: ** if P500 or above or if customer requested, should issue invoice
C6: DATE | E6: INVOICE NUMBERS/REFERENCE | G6: CUSTOMER / DESCRIPTION | I6: DEBIT | K6: DEBIT | M6: DEBIT | O6: CREDIT
I7: ACCOUNTS RECEIVABLE | K7: CASH | M7: CREDITABLE WITHHOLDING TAX | O7: SALES / PROFESSIONAL FEES
C8: 2025
C9: Jan | D9: 2 | E9: 1 | G9: Various Patients - Consultation
D10: 3 | E10: 2 | G10: Ms. Layla - Surgery Procedure
E11: =E10+1 -> 3 | G11: Mr. Chou - Consultation
E12: =E11+1 -> 4 | G12: Various Patients - Consultation
D13: 6 | E13: =E12+1 -> 5 | G13: Various Patients - Consultation
D14: 7 | E14: =E13+1 -> 6 | G14: Various Patients - Consultation
D15: 8 | E15: =E14+1 -> 7 | G15: Various Patients - Consultation
D16: 9 | E16: =E15+1 -> 8 | G16: Various Patients - Consultation
D17: 10 | E17: =E16+1 -> 9 | G17: Various Patients - Consultation
D18: 11 | E18: =E17+1 -> 10 | G18: Various Patients - Consultation
D19: 12 | E19: =E18+1 -> 11 | G19: Various Patients - Consultation
D20: 13 | E20: =E19+1 -> 12 | G20: Various Patients - Consultation
D21: 14 | E21: =E20+1 -> 13 | G21: Various Patients - Consultation
D22: 15 | E22: =E21+1 -> 14 | G22: ML Hospital
D23: 16 | E23: =E22+1 -> 15 | G23: Various Patients - Consultation
D24: 17 | E24: =E23+1 -> 16 | G24: Various Patients - Consultation
... D37: 30 | E37: =E36+1 -> 29 | G37: HMO billing
D38: 31 | E38: Official Receipt #01 | G38: HMO receipt of fees
G39: TOTAL JANUARY | I39: =SUM(I9:I38) -> 0 | J39: =SUM(J9:J38) -> 0 | K39: =SUM(K9:K38) -> 0 | L39: =SUM(L9:L38) -> 0 | M39: =SUM(M9:M38) -> 0 | N39: =SUM(N37:N37) -> 0 | O39: =SUM(O9:O38) -> 0

Sheet Cash Receipt - Feb
C1: DR. RAFAELA CLINIC - NON-VAT
C2: CASH RECEIPTS JOURNAL
C3: * below P500 can aggregate sales at the end of the day
C4: ** if P500 or above or if customer requested, should issue invoice
C6: DATE | E6: INVOICE NUMBERS/REFERENCE | G6: CUSTOMER / DESCRIPTION | I6: DEBIT | K6: DEBIT | M6: DEBIT | O6: CREDIT
I7: ACCOUNTS RECEIVABLE | K7: CASH | M7: CREDITABLE WITHHOLDING TAX | O7: SALES / PROFESSIONAL FEES
C8: 2025
C9: Feb | D9: 1 | E9: 30 | G9: Various Patients - Consultation
D10: 2 | E10: =E9+1 -> 31 | G10: Ms. Hanabi - Surgery Procedure
E11: =E10+1 -> 32 | G11: Mr. Paquito - Consultation
E12: =E11+1 -> 33 | G12: Various Patients - Consultation
D13: 8 | E13: =E12+1 -> 34 | G13: Various Patients - Consultation
D14: 9 | E14: =E13+1 -> 35 | G14: Various Patients - Consultation
D15: 10 | E15: =E14+1 -> 36 | G15: Various Patients - Consultation
D16: 13 | E16: =E15+1 -> 37 | G16: Various Patients - Consultation
D17: 14 | E17: =E16+1 -> 38 | G17: Various Patients - Consultation
D18: 15 | E18: =E17+1 -> 39 | G18: ML Hospital
D19: 16 | E19: =E18+1 -> 40 | G19: Various Patients - Consultation
D20: 17 | E20: =E19+1 -> 41 | G20: Various Patients - Consultation
D21: 18 | E21: =E20+1 -> 42 | G21: Various Patients - Consultation
D22: 19 | E22: =E21+1 -> 43 | G22: Various Patients - Consultation
D23: 20 | E23: =E22+1 -> 44 | G23: Various Patients - Consultation
D24: 21 | E24: =E23+1 -> 45 | G24: Various Patients - Consultation
... D29: 27 | E29: =E28+1 -> 50 | G29: HMO billing
D30: 28 | E30: Official Receipt #02 | G30: HMO receipt of fees
G31: TOTAL FEBRUARY | I31: =SUM(I9:I30) -> 0 | J31: =SUM(J9:J30) -> 0 | K31: =SUM(K9:K30) -> 0 | L31: =SUM(L9:L30) -> 0 | M31: =SUM(M9:M30) -> 0 | N31: =SUM(N29:N29) -> 0 | O31: =SUM(O9:O30) -> 0

Sheet Cash Receipt - Mar
C1: DR. RAFAELA CLINIC - NON-VAT
C2: CASH RECEIPTS JOURNAL
C3: * below P500 can aggregate sales at the end of the day
C4: ** if P500 or above or if customer requested, should issue invoice
C6: DATE | E6: INVOICE NUMBERS/REFERENCE | G6: CUSTOMER / DESCRIPTION | I6: DEBIT | K6: DEBIT | M6: DEBIT | O6: CREDIT
I7: ACCOUNTS RECEIVABLE | K7: CASH | M7: CREDITABLE WITHHOLDING TAX | O7: SALES / PROFESSIONAL FEES
C8: 2025
C9: Mar | D9: 1 | E9: 51 | G9: Various Patients - Consultation
D10: 2 | E10: =E9+1 -> 52 | G10: Mr. Argus- Surgery Procedure
E11: =E10+1 -> 53 | G11: Mr. Clint - Consultation
E12: =E11+1 -> 54 | G12: Various Patients - Consultation
D13: 8 | E13: =E12+1 -> 55 | G13: Various Patients - Consultation
D14: 9 | E14: =E13+1 -> 56 | G14: Various Patients - Consultation
D15: 10 | E15: =E14+1 -> 57 | G15: Various Patients - Consultation
D16: 13 | E16: =E15+1 -> 58 | G16: Various Patients - Consultation
D17: 14 | E17: =E16+1 -> 59 | G17: Various Patients - Consultation
D18: 15 | E18: =E17+1 -> 60 | G18: ML Hospital
D19: 16 | E19: =E18+1 -> 61 | G19: Various Patients - Consultation
D20: 17 | E20: =E19+1 -> 62 | G20: Various Patients - Consultation
D21: 18 | E21: =E20+1 -> 63 | G21: Various Patients - Consultation
D22: 19 | E22: =E21+1 -> 64 | G22: Various Patients - Consultation
D23: 20 | E23: =E22+1 -> 65 | G23: Various Patients - Consultation
D24: 21 | E24: =E23+1 -> 66 | G24: Various Patients - Consultation
... D29: 30 | E29: =E28+1 -> 71 | G29: HMO billing
D30: 31 | E30: Official Receipt #03 | G30: HMO receipt of fees
G31: TOTAL FEBRUARY | I31: =SUM(I9:I30) -> 0 | J31: =SUM(J9:J30) -> 0 | K31: =SUM(K9:K30) -> 0 | L31: =SUM(L9:L30) -> 0 | M31: =SUM(M9:M30) -> 0 | N31: =SUM(N29:N29) -> 0 | O31: =SUM(O9:O30) -> 0

Sheet Cash Receipt - April
C1: DR. RAFAELA CLINIC - NON-VAT
C2: CASH RECEIPTS JOURNAL
C3: * below P500 can aggregate sales at the end of the day
C4: ** if P500 or above or if customer requested, should issue invoice
C6: DATE | E6: INVOICE NUMBERS/REFERENCE | G6: CUSTOMER / DESCRIPTION | I6: DEBIT | K6: DEBIT | M6: DEBIT | O6: CREDIT
I7: ACCOUNTS RECEIVABLE | K7: CASH | M7: CREDITABLE WITHHOLDING TAX | O7: SALES / PROFESSIONAL FEES
C8: 2025
C9: Apr | D9: 1 | E9: 72 | G9: Various Patients - Consultation
D10: 2 | E10: =E9+1 -> 73 | G10: Mr. Balmond - Surgery Procedure
E11: =E10+1 -> 74 | G11: Mr. Khaleed - Consultation
E12: =E11+1 -> 75 | G12: Various Patients - Consultation
D13: 8 | E13: =E12+1 -> 76 | G13: Various Patients - Consultation
D14: 9 | E14: =E13+1 -> 77 | G14: Various Patients - Consultation
D15: 10 | E15: =E14+1 -> 78 | G15: Various Patients - Consultation
D16: 13 | E16: =E15+1 -> 79 | G16: Various Patients - Consultation
D17: 14 | E17: =E16+1 -> 80 | G17: Various Patients - Consultation
D18: 15 | E18: =E17+1 -> 81 | G18: ML Hospital
D19: 16 | E19: =E18+1 -> 82 | G19: Various Patients - Consultation
D20: 17 | E20: =E19+1 -> 83 | G20: Various Patients - Consultation
D21: 18 | E21: =E20+1 -> 84 | G21: Various Patients - Consultation
D22: 19 | E22: =E21+1 -> 85 | G22: Various Patients - Consultation
D23: 20 | E23: =E22+1 -> 86 | G23: Various Patients - Consultation
D24: 21 | E24: =E23+1 -> 87 | G24: Various Patients - Consultation
... D29: 29 | E29: =E28+1 -> 92 | G29: HMO billing
D30: 30 | E30: Official Receipt #04 | G30: HMO receipt of fees
G31: TOTAL FEBRUARY | I31: =SUM(I9:I30) -> 0 | J31: =SUM(J9:J30) -> 0 | K31: =SUM(K9:K30) -> 0 | L31: =SUM(L9:L30) -> 0 | M31: =SUM(M9:M30) -> 0 | N31: =SUM(N29:N29) -> 0 | O31: =SUM(O9:O30) -> 0

Sheet Cash Receipt - May
C1: DR. RAFAELA CLINIC - NON-VAT
C2: CASH RECEIPTS JOURNAL
C3: * below P500 can aggregate sales at the end of the day
C4: ** if P500 or above or if customer requested, should issue invoice
C6: DATE | E6: INVOICE NUMBERS/REFERENCE | G6: CUSTOMER / DESCRIPTION | I6: DEBIT | K6: DEBIT | M6: DEBIT | O6: CREDIT
I7: ACCOUNTS RECEIVABLE | K7: CASH | M7: CREDITABLE WITHHOLDING TAX | O7: SALES / PROFESSIONAL FEES
C8: 2025
C9: May | D9: 1 | E9: 93 | G9: Various Patients - Consultation
D10: 2 | E10: =E9+1 -> 94 | G10: Mr. Argus- Surgery Procedure
E11: =E10+1 -> 95 | G11: Mr. Clint - Consultation
E12: =E11+1 -> 96 | G12: Various Patients - Consultation
D13: 8 | E13: =E12+1 -> 97 | G13: Various Patients - Consultation
D14: 9 | E14: =E13+1 -> 98 | G14: Various Patients - Consultation
D15: 10 | E15: =E14+1 -> 99 | G15: Various Patients - Consultation
D16: 13 | E16: =E15+1 -> 100 | G16: Various Patients - Consultation
D17: 14 | E17: =E16+1 -> 101 | G17: Various Patients - Consultation
D18: 15 | E18: =E17+1 -> 102 | G18: ML Hospital
D19: 16 | E19: =E18+1 -> 103 | G19: Various Patients - Consultation
D20: 17 | E20: =E19+1 -> 104 | G20: Various Patients - Consultation
D21: 18 | E21: =E20+1 -> 105 | G21: Various Patients - Consultation
D22: 19 | E22: =E21+1 -> 106 | G22: Various Patients - Consultation
D23: 20 | E23: =E22+1 -> 107 | G23: Various Patients - Consultation
D24: 21 | E24: =E23+1 -> 108 | G24: Various Patients - Consultation
... D29: 30 | E29: =E28+1 -> 113 | G29: HMO billing
D30: 31 | E30: Official Receipt #05 | G30: HMO receipt of fees
G31: TOTAL FEBRUARY | I31: =SUM(I9:I30) -> 0 | J31: =SUM(J9:J30) -> 0 | K31: =SUM(K9:K30) -> 0 | L31: =SUM(L9:L30) -> 0 | M31: =SUM(M9:M30) -> 0 | N31: =SUM(N29:N29) -> 0 | O31: =SUM(O9:O30) -> 0

Sheet Cash Receipt - June
C1: DR. RAFAELA CLINIC - NON-VAT
C2: CASH RECEIPTS JOURNAL
C3: * below P500 can aggregate sales at the end of the day
C4: ** if P500 or above or if customer requested, should issue invoice
C6: DATE | E6: INVOICE NUMBERS/REFERENCE | G6: CUSTOMER / DESCRIPTION | I6: DEBIT | K6: DEBIT | M6: DEBIT | O6: CREDIT
I7: ACCOUNTS RECEIVABLE | K7: CASH | M7: CREDITABLE WITHHOLDING TAX | O7: SALES / PROFESSIONAL FEES
C8: 2025
C9: June | D9: 1 | E9: 114 | G9: Various Patients - Consultation
D10: 2 | E10: =E9+1 -> 115 | G10: Mr. Alucard - Surgery Procedure
E11: =E10+1 -> 116 | G11: Eudora - Consultation
E12: =E11+1 -> 117 | G12: Various Patients - Consultation
D13: 8 | E13: =E12+1 -> 118 | G13: Various Patients - Consultation
D14: 9 | E14: =E13+1 -> 119 | G14: Various Patients - Consultation
D15: 10 | E15: =E14+1 -> 120 | G15: Various Patients - Consultation
D16: 13 | E16: =E15+1 -> 121 | G16: Various Patients - Consultation
D17: 14 | E17: =E16+1 -> 122 | G17: Various Patients - Consultation
D18: 15 | E18: =E17+1 -> 123 | G18: ML Hospital
D19: 16 | E19: =E18+1 -> 124 | G19: Various Patients - Consultation
D20: 17 | E20: =E19+1 -> 125 | G20: Various Patients - Consultation
D21: 18 | E21: =E20+1 -> 126 | G21: Various Patients - Consultation
D22: 19 | E22: =E21+1 -> 127 | G22: Various Patients - Consultation
D23: 20 | E23: =E22+1 -> 128 | G23: Various Patients - Consultation
D24: 21 | E24: =E23+1 -> 129 | G24: Various Patients - Consultation
... D29: 29 | E29: =E28+1 -> 134 | G29: HMO billing
D30: 30 | E30: Official Receipt #06 | G30: HMO receipt of fees
G31: TOTAL FEBRUARY | I31: =SUM(I9:I30) -> 0 | J31: =SUM(J9:J30) -> 0 | K31: =SUM(K9:K30) -> 0 | L31: =SUM(L9:L30) -> 0 | M31: =SUM(M9:M30) -> 0 | N31: =SUM(N29:N29) -> 0 | O31: =SUM(O9:O30) -> 0

Sheet Cash Receipt - July
C1: DR. RAFAELA CLINIC - NON-VAT
C2: CASH RECEIPTS JOURNAL
C3: * below P500 can aggregate sales at the end of the day
C4: ** if P500 or above or if customer requested, should issue invoice
C6: DATE | E6: INVOICE NUMBERS/REFERENCE | G6: CUSTOMER / DESCRIPTION | I6: DEBIT | K6: DEBIT | M6: DEBIT | O6: CREDIT
I7: ACCOUNTS RECEIVABLE | K7: CASH | M7: CREDITABLE WITHHOLDING TAX | O7: SALES / PROFESSIONAL FEES
C8: 2025
C9: July | D9: 1 | E9: 135 | G9: Various Patients - Consultation
D10: 2 | E10: =E9+1 -> 136 | G10: Mr. Argus- Surgery Procedure
E11: =E10+1 -> 137 | G11: Mr. Clint - Consultation
E12: =E11+1 -> 138 | G12: Various Patients - Consultation
D13: 8 | E13: =E12+1 -> 139 | G13: Various Patients - Consultation
D14: 9 | E14: =E13+1 -> 140 | G14: Various Patients - Consultation
D15: 10 | E15: =E14+1 -> 141 | G15: Various Patients - Consultation
D16: 13 | E16: =E15+1 -> 142 | G16: Various Patients - Consultation
D17: 14 | E17: =E16+1 -> 143 | G17: Various Patients - Consultation
D18: 15 | E18: =E17+1 -> 144 | G18: ML Hospital
D19: 16 | E19: =E18+1 -> 145 | G19: Various Patients - Consultation
D20: 17 | E20: =E19+1 -> 146 | G20: Various Patients - Consultation
D21: 18 | E21: =E20+1 -> 147 | G21: Various Patients - Consultation
D22: 19 | E22: =E21+1 -> 148 | G22: Various Patients - Consultation
D23: 20 | E23: =E22+1 -> 149 | G23: Various Patients - Consultation
D24: 21 | E24: =E23+1 -> 150 | G24: Various Patients - Consultation
... D29: 30 | E29: =E28+1 -> 155 | G29: HMO billing
D30: 31 | E30: Official Receipt #07 | G30: HMO receipt of fees
G31: TOTAL FEBRUARY | I31: =SUM(I9:I30) -> 0 | J31: =SUM(J9:J30) -> 0 | K31: =SUM(K9:K30) -> 0 | L31: =SUM(L9:L30) -> 0 | M31: =SUM(M9:M30) -> 0 | N31: =SUM(N29:N29) -> 0 | O31: =SUM(O9:O30) -> 0

Sheet Cash Receipt - Aug
C1: DR. RAFAELA CLINIC - NON-VAT
C2: CASH RECEIPTS JOURNAL
C3: * below P500 can aggregate sales at the end of the day
C4: ** if P500 or above or if customer requested, should issue invoice
C6: DATE | E6: INVOICE NUMBERS/REFERENCE | G6: CUSTOMER / DESCRIPTION | I6: DEBIT | K6: DEBIT | M6: DEBIT | O6: CREDIT
I7: ACCOUNTS RECEIVABLE | K7: CASH | M7: CREDITABLE WITHHOLDING TAX | O7: SALES / PROFESSIONAL FEES
C8: 2025
C9: Aug | D9: 1 | E9: 156 | G9: Various Patients - Consultation
D10: 2 | E10: =E9+1 -> 157 | G10: Mr. Clint - Surgery Procedure
E11: =E10+1 -> 158 | G11: Mr. Balmond - Consultation
E12: =E11+1 -> 159 | G12: Various Patients - Consultation
D13: 8 | E13: =E12+1 -> 160 | G13: Various Patients - Consultation
D14: 9 | E14: =E13+1 -> 161 | G14: Various Patients - Consultation
D15: 10 | E15: =E14+1 -> 162 | G15: Various Patients - Consultation
D16: 13 | E16: =E15+1 -> 163 | G16: Various Patients - Consultation
D17: 14 | E17: =E16+1 -> 164 | G17: Various Patients - Consultation
D18: 15 | E18: =E17+1 -> 165 | G18: ML Hospital
D19: 16 | E19: =E18+1 -> 166 | G19: Various Patients - Consultation
D20: 17 | E20: =E19+1 -> 167 | G20: Various Patients - Consultation
D21: 18 | E21: =E20+1 -> 168 | G21: Various Patients - Consultation
D22: 19 | E22: =E21+1 -> 169 | G22: Various Patients - Consultation
D23: 20 | E23: =E22+1 -> 170 | G23: Various Patients - Consultation
D24: 21 | E24: =E23+1 -> 171 | G24: Various Patients - Consultation
... D29: 30 | E29: =E28+1 -> 176 | G29: HMO billing
D30: 31 | E30: Official Receipt #08 | G30: HMO receipt of fees
G31: TOTAL FEBRUARY | I31: =SUM(I9:I30) -> 0 | J31: =SUM(J9:J30) -> 0 | K31: =SUM(K9:K30) -> 0 | L31: =SUM(L9:L30) -> 0 | M31: =SUM(M9:M30) -> 0 | N31: =SUM(N29:N29) -> 0 | O31: =SUM(O9:O30) -> 0

Sheet Cash Receipt - September
C1: DR. RAFAELA CLINIC - NON-VAT
C2: CASH RECEIPTS JOURNAL
C3: * below P500 can aggregate sales at the end of the day
C4: ** if P500 or above or if customer requested, should issue invoice
C6: DATE | E6: INVOICE NUMBERS/REFERENCE | G6: CUSTOMER / DESCRIPTION | I6: DEBIT | K6: DEBIT | M6: DEBIT | O6: CREDIT
I7: ACCOUNTS RECEIVABLE | K7: CASH | M7: CREDITABLE WITHHOLDING TAX | O7: SALES / PROFESSIONAL FEES
C8: 2025
C9: Sep | D9: 1 | E9: 177 | G9: Various Patients - Consultation
D10: 2 | E10: =E9+1 -> 178 | G10: Chou - Surgery Procedure
E11: =E10+1 -> 179 | G11: Fanny - Consultation
E12: =E11+1 -> 180 | G12: Various Patients - Consultation
D13: 8 | E13: =E12+1 -> 181 | G13: Various Patients - Consultation
D14: 9 | E14: =E13+1 -> 182 | G14: Various Patients - Consultation
D15: 10 | E15: =E14+1 -> 183 | G15: Various Patients - Consultation
D16: 13 | E16: =E15+1 -> 184 | G16: Various Patients - Consultation
D17: 14 | E17: =E16+1 -> 185 | G17: Various Patients - Consultation
D18: 15 | E18: =E17+1 -> 186 | G18: ML Hospital
D19: 16 | E19: =E18+1 -> 187 | G19: Various Patients - Consultation
D20: 17 | E20: =E19+1 -> 188 | G20: Various Patients - Consultation
D21: 18 | E21: =E20+1 -> 189 | G21: Various Patients - Consultation
D22: 19 | E22: =E21+1 -> 190 | G22: Various Patients - Consultation
D23: 20 | E23: =E22+1 -> 191 | G23: Various Patients - Consultation
D24: 21 | E24: =E23+1 -> 192 | G24: Various Patients - Consultation
... D29: 29 | E29: =E28+1 -> 197 | G29: HMO billing
D30: 30 | E30: Official Receipt #09 | G30: HMO receipt of fees
G31: TOTAL FEBRUARY | I31: =SUM(I9:I30) -> 0 | J31: =SUM(J9:J30) -> 0 | K31: =SUM(K9:K30) -> 0 | L31: =SUM(L9:L30) -> 0 | M31: =SUM(M9:M30) -> 0 | N31: =SUM(N29:N29) -> 0 | O31: =SUM(O9:O30) -> 0

Sheet Cash Receipt - October
C1: DR. RAFAELA CLINIC - NON-VAT
C2: CASH RECEIPTS JOURNAL
C3: * below P500 can aggregate sales at the end of the day
C4: ** if P500 or above or if customer requested, should issue invoice
C6: DATE | E6: INVOICE NUMBERS/REFERENCE | G6: CUSTOMER / DESCRIPTION | I6: DEBIT | K6: DEBIT | M6: DEBIT | O6: CREDIT
I7: ACCOUNTS RECEIVABLE | K7: CASH | M7: CREDITABLE WITHHOLDING TAX | O7: SALES / PROFESSIONAL FEES
C8: 2025
C9: Oct | D9: 1 | E9: 198 | G9: Various Patients - Consultation
D10: 2 | E10: =E9+1 -> 199 | G10: Mr. Gusion - Surgery Procedure
E11: =E10+1 -> 200 | G11: Mr. Lancelot - Consultation
E12: =E11+1 -> 201 | G12: Various Patients - Consultation
D13: 8 | E13: =E12+1 -> 202 | G13: Various Patients - Consultation
D14: 9 | E14: =E13+1 -> 203 | G14: Various Patients - Consultation
D15: 10 | E15: =E14+1 -> 204 | G15: Various Patients - Consultation
D16: 13 | E16: =E15+1 -> 205 | G16: Various Patients - Consultation
D17: 14 | E17: =E16+1 -> 206 | G17: Various Patients - Consultation
D18: 15 | E18: =E17+1 -> 207 | G18: ML Hospital
D19: 16 | E19: =E18+1 -> 208 | G19: Various Patients - Consultation
D20: 17 | E20: =E19+1 -> 209 | G20: Various Patients - Consultation
D21: 18 | E21: =E20+1 -> 210 | G21: Various Patients - Consultation
D22: 19 | E22: =E21+1 -> 211 | G22: Various Patients - Consultation
D23: 20 | E23: =E22+1 -> 212 | G23: Various Patients - Consultation
D24: 21 | E24: =E23+1 -> 213 | G24: Various Patients - Consultation
... D29: 30 | E29: =E28+1 -> 218 | G29: HMO billing
D30: 31 | E30: Official Receipt #10 | G30: HMO receipt of fees
G31: TOTAL FEBRUARY | I31: =SUM(I9:I30) -> 0 | J31: =SUM(J9:J30) -> 0 | K31: =SUM(K9:K30) -> 0 | L31: =SUM(L9:L30) -> 0 | M31: =SUM(M9:M30) -> 0 | N31: =SUM(N29:N29) -> 0 | O31: =SUM(O9:O30) -> 0

Sheet Cash Receipt - November
C1: DR. RAFAELA CLINIC - NON-VAT
C2: CASH RECEIPTS JOURNAL
C3: * below P500 can aggregate sales at the end of the day
C4: ** if P500 or above or if customer requested, should issue invoice
C6: DATE | E6: INVOICE NUMBERS/REFERENCE | G6: CUSTOMER / DESCRIPTION | I6: DEBIT | K6: DEBIT | M6: DEBIT | O6: CREDIT
I7: ACCOUNTS RECEIVABLE | K7: CASH | M7: CREDITABLE WITHHOLDING TAX | O7: SALES / PROFESSIONAL FEES
C8: 2025
C9: Nov | D9: 1 | E9: 219 | G9: Various Patients - Consultation
D10: 2 | E10: =E9+1 -> 220 | G10: Miya- Surgery Procedure
E11: =E10+1 -> 221 | G11: Ling - Consultation
E12: =E11+1 -> 222 | G12: Various Patients - Consultation
D13: 8 | E13: =E12+1 -> 223 | G13: Various Patients - Consultation
D14: 9 | E14: =E13+1 -> 224 | G14: Various Patients - Consultation
D15: 10 | E15: =E14+1 -> 225 | G15: Various Patients - Consultation
D16: 13 | E16: =E15+1 -> 226 | G16: Various Patients - Consultation
D17: 14 | E17: =E16+1 -> 227 | G17: Various Patients - Consultation
D18: 15 | E18: =E17+1 -> 228 | G18: ML Hospital
D19: 16 | E19: =E18+1 -> 229 | G19: Various Patients - Consultation
D20: 17 | E20: =E19+1 -> 230 | G20: Various Patients - Consultation
D21: 18 | E21: =E20+1 -> 231 | G21: Various Patients - Consultation
D22: 19 | E22: =E21+1 -> 232 | G22: Various Patients - Consultation
D23: 20 | E23: =E22+1 -> 233 | G23: Various Patients - Consultation
D24: 21 | E24: =E23+1 -> 234 | G24: Various Patients - Consultation
... D29: 29 | E29: =E28+1 -> 239 | G29: HMO billing
D30: 30 | E30: Official Receipt #11 | G30: HMO receipt of fees
G31: TOTAL FEBRUARY | I31: =SUM(I9:I30) -> 0 | J31: =SUM(J9:J30) -> 0 | K31: =SUM(K9:K30) -> 0 | L31: =SUM(L9:L30) -> 0 | M31: =SUM(M9:M30) -> 0 | N31: =SUM(N29:N29) -> 0 | O31: =SUM(O9:O30) -> 0

Sheet Cash Receipt - December
C1: DR. RAFAELA CLINIC - NON-VAT
C2: CASH RECEIPTS JOURNAL
C3: * below P500 can aggregate sales at the end of the day
C4: ** if P500 or above or if customer requested, should issue invoice
C6: DATE | E6: INVOICE NUMBERS/REFERENCE | G6: CUSTOMER / DESCRIPTION | I6: DEBIT | K6: DEBIT | M6: DEBIT | O6: CREDIT
I7: ACCOUNTS RECEIVABLE | K7: CASH | M7: CREDITABLE WITHHOLDING TAX | O7: SALES / PROFESSIONAL FEES
C8: 2025
C9: Dec | D9: 1 | E9: 240 | G9: Various Patients - Consultation
D10: 2 | E10: =E9+1 -> 241 | G10: Diggie - Surgery Procedure
E11: =E10+1 -> 242 | G11: Angela - Consultation
E12: =E11+1 -> 243 | G12: Various Patients - Consultation
D13: 8 | E13: =E12+1 -> 244 | G13: Various Patients - Consultation
D14: 9 | E14: =E13+1 -> 245 | G14: Various Patients - Consultation
D15: 10 | E15: =E14+1 -> 246 | G15: Various Patients - Consultation
D16: 13 | E16: =E15+1 -> 247 | G16: Various Patients - Consultation
D17: 14 | E17: =E16+1 -> 248 | G17: Various Patients - Consultation
D18: 15 | E18: =E17+1 -> 249 | G18: ML Hospital
D19: 16 | E19: =E18+1 -> 250 | G19: Various Patients - Consultation
D20: 17 | E20: =E19+1 -> 251 | G20: Various Patients - Consultation
D21: 18 | E21: =E20+1 -> 252 | G21: Various Patients - Consultation
D22: 19 | E22: =E21+1 -> 253 | G22: Various Patients - Consultation
D23: 20 | E23: =E22+1 -> 254 | G23: Various Patients - Consultation
D24: 21 | E24: =E23+1 -> 255 | G24: Various Patients - Consultation
... D29: 30 | E29: =E28+1 -> 260 | G29: HMO billing
D30: 31 | E30: Official Receipt #12 | G30: HMO receipt of fees
G31: TOTAL FEBRUARY | I31: =SUM(I9:I30) -> 0 | J31: =SUM(J9:J30) -> 0 | K31: =SUM(K9:K30) -> 0 | L31: =SUM(L9:L30) -> 0 | M31: =SUM(M9:M30) -> 0 | N31: =SUM(N29:N29) -> 0 | O31: =SUM(O9:O30) -> 0
